 Dungeon Crawl Stone Soup version 0.23.2-1-ga50397a (webtiles) character file.

Game seed: 12167127238248153430

713 smcx the Skirmisher (level 7, -6/64 HPs)
             Began as a Minotaur Berserker on May 23, 2019.
             Was a Believer of Trog.
             Killed by nerve-wracking pain
             ... invoked by an orc priest
              (13 damage)
             ... on level 5 of the Dungeon.
             The game lasted 00:12:03 (3419 turns).

smcx the Skirmisher (Minotaur Berserker)            Turns: 3419, Time: 00:12:04

Health: -6/64      AC: 12    Str: 23    XL:     7   Next: 41%
Magic:  6/6        EV:  7    Int:  4    God:    Trog [**....]
Gold:   243        SH:  0    Dex: 13    Spells: 6/6 levels left

rFire    . . .     SeeInvis .   o - +1 flail (crush)
rCold    . . .     Gourm    .   (no shield)
rNeg     . . .     Faith    .   p - +0 plate armour
rPois    .         Spirit   .   (helmet restricted)
rElec    .         Reflect  .   (no cloak)
rCorr    .         Harm     .   (no gloves)
MR       .....                  (no boots)
Stlth    ..........             (no amulet)
HPRegen  0.20/turn              m - +3 ring of dexterity
MPRegen  0.10/turn              (no ring)

@: no status effects
A: retaliatory headbutt, horns 2
a: Berserk, Trog's Hand, Renounce Religion


You were on level 5 of the Dungeon.
You worshipped Trog.
Trog was pleased with you.
You were not hungry.

You visited 1 branch of the dungeon, and saw 5 of its levels.

You collected 243 gold pieces.

Inventory:

Hand Weapons
 a - a +0 hand axe
 o - a +1 flail of crushing (weapon)
 r - a +1 flail of holy wrath
 A - a +3 quarterstaff of chaos
Armour
 b - a +0 animal skin
 d - a +0 ring mail
 p - a +0 plate armour (worn)
 t - a +1 scale mail of cold resistance
 B - a +1 cloak
Jewellery
 m - a +3 ring of dexterity (left hand)
Wands
 u - a wand of polymorph (8)
 v - a wand of flame (12)
 y - a wand of iceblast (8)
Scrolls
 e - a scroll of identify
 f - 2 scrolls of magic mapping {unknown}
 g - a scroll of fear {unknown}
 i - a scroll of fog {unknown}
 j - a scroll of enchant weapon {unknown}
 l - a scroll of remove curse
 n - 2 scrolls of teleportation
 q - 2 scrolls of enchant armour {unknown}
 w - a scroll of amnesia {unknown}
Potions
 h - 2 potions of mutation {unknown}
 k - a potion of curing
 s - 2 potions of lignification {unknown}
 x - a potion of degeneration {unknown}
Comestibles
 c - 5 rations


   Skills:
 + Level 6.7 Fighting
 - Level 4.4(5.4) Axes
 + Level 4.7(5.6) Maces & Flails
 + Level 6.1 Armour
 - Level 2.1 Dodging


You had 6 spell levels left.
You didn't know any spells.
Your spell library was empty.

Dungeon Overview and Level Annotations

Branches:
Dungeon (5/15)
 Temple: D:4-7

Altars:

Annotations:
D:5 1 transporter


Innate Abilities, Weirdness & Mutations

You reflexively headbutt those who attack you in melee.
You have a pair of horns on your head.


Message History

The orc priest mumbles some strange prayers to Beogh against you.
Beogh smites you!
The orc priest mumbles some strange prayers to Beogh against you.
Beogh smites you!
The orc priest invokes the aid of Beogh against you.
Pain shoots through your body! The shadow imp gestures at you.
Pain shoots through your body!
* * * LOW HITPOINT WARNING * * *
The orc priest looks encouraged for a moment.
The orc priest begins to cast a cantrip, but forgets the words!
The orc priest mumbles some strange prayers to Beogh against you.
Beogh smites you!
* * * LOW HITPOINT WARNING * * *
The orc priest begins to cast a cantrip, but forgets the words!
Found a ration.
You open the door.
The orc priest calls down the wrath of Beogh upon you.
Pain shoots through your body!
You die...

###################
#.........!.......#
#.###############.# .
#.#8≈#o.5....#P8#.###.
##.#P.#≈≈≈≈≈≈≈#.P#.#...
##..#$.#..≈≈≈..#..#...#
#%.©#©/@..P♣≈..'.©#©..#.
#...#$.#..≈≈≈..#..#.....
....#P.#≈≈≈≈≈≈≈#.P#.###.
###.#8≈#5o.o...#P8#.#
#.###############.#
#.................#
......###..########
##.###.# #.## #.####


You could see 3 orc priests and 2 shadow imps.

Vanquished Creatures
  A hippogriff (D:4)
  Edmund (D:4)
  A scorpion (D:4)
  A howler monkey (D:4)
  A hound (D:4)
  Crazy Yiuf (D:4)
  4 orc wizards (D:4)
  Terence (D:2)
  A hound skeleton (D:4)
  3 gnolls (D:3)
  3 adders
  3 worms
  2 dart slugs (D:4)
  A leopard gecko (D:4)
  An orc (D:3)
  A giant cockroach (D:4)
  5 goblins
  13 hobgoblins
  7 kobolds
  A quokka (D:4)
  A ball python (D:3)
  10 bats
  8 frilled lizards
  A rat (D:2)
72 creatures vanquished.

Notes
Turn   | Place    | Note
-------+----------+-------------------------------------------
     0 | D:1      | smcx the Minotaur Berserker began the quest for the Orb.
     0 | D:1      | Reached XP level 1. HP: 19/19 MP: 0/0
   377 | D:1      | Reached XP level 2. HP: 27/27 MP: 1/1
   818 | D:2      | Noticed Terence
   825 | D:2      | Killed Terence
   825 | D:2      | Reached XP level 3. HP: 33/33 MP: 2/2
  1772 | D:2      | Reached XP level 4. HP: 41/41 MP: 3/3
  1817 | D:3      | Reached ** piety under Trog
  2046 | D:3      | Reached skill level 1 in Maces & Flails
  2484 | D:4      | Noticed Edmund
  2499 | D:4      | Killed Edmund
  2499 | D:4      | Reached skill level 5 in Fighting
  2499 | D:4      | Reached XP level 5. HP: 48/48 MP: 4/4
  2524 | D:4      | Reached XP level 6. HP: 56/56 MP: 5/5
  2541 | D:4      | Reached skill level 5 in Armour
  2595 | D:4      | Noticed a hippogriff
  2612 | D:4      | Killed a hippogriff
  2675 | D:4      | Reached XP level 7. HP: 63/63 MP: 6/6
  3152 | D:4      | Found a runed translucent door.
  3153 | D:4      | Noticed Crazy Yiuf
  3162 | D:4      | Killed Crazy Yiuf
  3377 | D:5      | Entered Level 5 of the Dungeon
  3386 | D:5      | Found a transporter.
  3392 | D:5      | Found a transporter.
  3419 | D:5      | Killed from afar by an orc priest

Skill      XL: |  1  2  3  4  5  6  7 |
---------------+----------------------+-----
Fighting       | 4 5 6 |  6.7
Axes           | 4 |  4.4
Armour         | 3 4 5 6 |  6.1
Maces & Flails | 2 3 4 |  4.7
Dodging        | |  2.1

Action                   |  1- 3 |  4- 6 |  7- 9 || total
-------------------------+-------+-------+-------++-------
Melee: Hand axe          |    59 |       |       ||    59
       Headbutt          |    15 |     8 |     5 ||    28
       Flail             |    12 |    61 |    32 ||   105
Invok: Berserk           |     1 |     2 |     1 ||     4
  Use: Scroll            |       |     1 |     3 ||     4
       Potion            |       |     1 |       ||     1
  Eat: Chunk             |     3 |     3 |     1 ||     7
       Ration            |       |     1 |     1 ||     2
Armor: Ring mail         |    20 |       |       ||    20
       Animal skin       |     1 |       |       ||     1
       Plate armour      |     1 |    50 |    10 ||    61
       Scale mail        |       |     1 |       ||     1
Dodge: Dodged            |    34 |    20 |     8 ||    62
